 Dungeon Crawl Stone Soup version 0.31.0-32-g396128a36d (webtiles) character file.

Game seed: 3662957196801391319

10067 H0rd4k the Martial Artist (level 11, -6/77 HPs)
             Began as an Octopode Artificer on Apr 9, 2024.
             Was an Initiate of Gozag.
             Mangled by a yak (13 damage)
             ... on level 1 of the Lair of Beasts.
             The game lasted 00:28:31 (13099 turns).

H0rd4k the Martial Artist (Octopode Artificer)     Turns: 13099, Time: 00:28:32

Health: -6/77      AC:  1    Str: 12    XL:     11   Next: 56%
Magic:  17/17      EV: 13    Int: 24    God:    Gozag
Gold:   377        SH:  0    Dex:  9    Spells: 11/18 levels left

rFire   x .          .
                       - Unarmed
rCold   + + .        (no shield)
rNeg    . . .        (helmet restricted)
rPois   +            D - amulet of regeneration
rElec   .            g - ring of willpower
rCorr   +            d - ring "Tuit" {rPois rC+ Will+ Int+7 Dex-4 Stlth-}
SInv    .            v - ring of resist corrosion
Will    ++...        h - ring of ice
Stlth   +            (no ring)
HPRegen 1.12/turn    (no ring)
MPRegen 0.15/turn    (no ring)
                     (no ring)

%: no passive effects
@: no status effects
A: almost no armour, amphibious, 8 rings, camouflage 1, gelatinous body 1,
(nimble swimmer 1), tentacles, subdued magic 1, MP-powered wands
a: Renounce Religion, Potion Petition, Call Merchant, Bribe Branch


You were on level 1 of the Lair of Beasts.
You worshipped Gozag.
Gozag was aware of your devotion.
You visited 2 branches of the dungeon, and saw 12 of its levels.

You collected 2125 gold pieces.
You spent 1315 gold pieces at shops.
You paid 433 gold pieces to Gozag.

Inventory:

Hand Weapons
 b - the +2 spear of the Demagogue {elec, rElec}
   (You bought it in a shop on level 5 of the Dungeon)

   rElec:     It insulates you from electricity.
 n - a +1 dagger of protection
 s - a +4 whip of venom
 C - the +6 great sword of Laceration {flame, Int+2}
   (You bought it in a shop on level 5 of the Dungeon)

   Int+2:     It affects your intelligence (+2).
 F - a +5 short sword
Missiles
 u - 2 throwing nets
 y - 13 poisoned darts (quivered)
Jewellery
 d - the ring "Tuit" (right tentacle) {rPois rC+ Will+ Int+7 Dex-4 Stlth-}
   (You acquired it on level 5 of the Dungeon)

   [ring of protection from cold]

   Int+7:     It affects your intelligence (+7).
   Dex-4:     It affects your dexterity (-4).
   rC+:       It protects you from cold.
   rPois:     It protects you from poison Will+: It increases your willpower.
   Stlth-:    It makes you less stealthy.
 g - a ring of willpower (left tentacle)
 h - a ring of ice (on tentacle)
 t - an amulet of magic regeneration
 v - a ring of resist corrosion (on tentacle)
 D - an amulet of regeneration (around mantle)
 J - a ring of poison resistance
 L - an amulet of the acrobat
Wands
 z - a wand of flame (25)
 G - a wand of polymorph (12)
Scrolls
 f - a scroll of amnesia
 j - 3 scrolls of revelation
 l - a scroll of immolation
 o - a scroll of torment
 w - 2 scrolls of vulnerability
 x - a scroll of poison
Potions
 a - a potion of haste {unknown}
 e - 2 potions of invisibility
 i - 2 potions of curing
 k - 4 potions of attraction
 q - 4 potions of mutation
 r - 3 potions of degeneration {unknown}
 B - a potion of might {unknown}
 E - a potion of brilliance {unknown}
 H - a potion of enlightenment {unknown}
Miscellaneous
 I - a tin of tremorstones (1/2)


   Skills:
 - Level 8.0 Fighting
 + Level 1.4 Short Blades
 - Level 4.2 Throwing
 - Level 2.3 Dodging
 - Level 1.3 Stealth
 - Level 14.0 Unarmed Combat
 * Level 4.3 Spellcasting
 * Level 1.2 Summonings
 * Level 0.6 Air Magic
 + Level 1.2 Alchemy
 - Level 3.2 Evocations


You had 11 spell levels left.
You knew the following spells:

 Your Spells              Type           Power      Damage    Failure   Level
a - Summon Lightning Spi  Summ/Air       7%         N/A       50%         4
b - Swiftness             Air            6%         N/A       19%         3

Your spell library contained the following spells:

 Spells                   Type           Power      Damage    Failure   Level
 Sting                    Conj/Alch      24%        1d4       6%          1
 Mercury Vapours          Alch/Air       14%        N/A       8%          2
 Ensorcelled Hibernation  Hex/Ice        12%        N/A       12%         2
 Lesser Beckoning         Tloc           8%         N/A       12%         2
 Sigil of Binding         Hex            4%         N/A       22%         3
 Gell's Gravitas          Tloc           4%         N/A       24%         3
 Inner Flame              Hex/Fire       4%         N/A       24%         3
 Passwall                 Erth           4%         N/A       24%         3
 Teleport Other           Tloc           4%         N/A       24%         3
 Olgreb's Toxic Radiance  Alch           8%         N/A       45%         4
 Sticky Flame             Fire/Alch      6%         2d4       54%         4
 Cause Fear               Hex            2%         N/A       61%         4
 Brom's Barrelling Bould  Conj/Erth      4%         2d3       63%         4
 Flame Wave               Conj/Fire      4%         2d5       63%         4
 Fireball                 Conj/Fire      2%         3d4       93%         5
 Iskenderun's Battlesphe  Conj           4%         2d6       93%         5
 Conjure Ball Lightning   Conj/Air       2%         3x3d6     100%        6
 Plasma Beam              Fire/Air       2%         2x1d12    100%        6
 Orb of Destruction       Conj           2%         9d5       100%        7


Dungeon Overview and Level Annotations

Branches:
Dungeon (10/15)            Temple (0/1) D:5            Lair (2/5) D:10
  Swamp: Lair:2-3    Shoals: Lair:2-3     Snake: Lair:2-3    Spider: Lair:2-3
    Orc: D:9-12

Altars:
Ashenzari
Cheibriados
Dithmenos
Gozag
Nemelex Xobeh
Okawaru
Ru
Trog
Uskayaw
Wu Jian
The Shining One

Shops:
D:1 :   D:5 *!(*   D:6 (   D:10 :

Annotations:
D:5 exclusion: vampire
D:10 1 transporter


Innate Abilities, Weirdness & Mutations

You cannot wear most types of armour.
You are amphibious.
You can wear up to eight rings at the same time.
Your skin changes colour to match your surroundings (Stealth+).
Your rubbery body absorbs attacks. (AC +1, EV +1)
((You are camouflaged when in or above water. (Stealth+)))
You have tentacles for arms and can constrict up to eight enemies at once.
Your spells are a little easier to cast, but a little less powerful.
You expend magic power (3 MP) to strengthen your wands.


Message History

You tentacle-slap the yak. You squeeze the yak, but do no damage.
The yak is severely wounded.
The yak gores you.
You barely miss the yak. You squeeze the yak.
The yak is severely wounded.
The yak gores you!
You tentacle-slap the yak.
The yak is severely wounded.
The yak barely misses you.
You tentacle-slap the yak but do no damage.
Your tentacle-slap misses the yak.
The yak is severely wounded.
You bludgeon the yak!
You kill the yak!
You bludgeon the yak! You squeeze the yak.
The yak is moderately wounded.
The yak snorts and paws the ground.
The yak attacks as it pursues you! The yak gores you.
The yak attacks as it pursues you! The yak closely misses you.
The yak attacks as it pursues you! The yak gores you!
There is a stone staircase leading up, spattered with blood here.
The yak gores you!
* * * LOW HITPOINT WARNING * * *
You climb upwards.
There is a stone staircase leading down here.
You tentacle-slap the yak.
The yak is moderately wounded.
You barely miss the yak.
Your tentacle-slap misses the yak.
The yak is moderately wounded.
The yak gores you!
* * * LOW HITPOINT WARNING * * *
You bludgeon the yak!
The yak is heavily wounded.
The yak gores you!
* * * LOW HITPOINT WARNING * * *
You completely miss the yak.
The yak is heavily wounded.
The yak gores you!
You die...
Your body crumbles into a pile of gold.

...P......##....# #....# #..##
...###....###...#####....# #(.P##
...# #....###............###.....
...# #....##.............##P.....
...###....P##............###.....
...#.....................###..###
.........................#.#..###
..............................##.
..[.###.........@................
...####..#####.Y.................
...# #...# #...............#P##
...####..# #.........###...###
.....##..#####.........# #....#
.......................###...####
.................................
.................................
##..####...##....###...##........


You could see a yak.

Vanquished Creatures
  Fannar (D:10)
  A two-headed ogre (D:10)
  A rime drake (Lair:2)
  A cane toad (Lair:2)
  A komodo dragon (Lair:1)
  Grinder (D:4)
  Sigmund (D:4)
  A shadow (D:10)
  2 wyverns
  19 yaks
  A steam dragon (D:8)
  Menkaure (D:4)
  2 acid dragons
  5 water moccasins
  2 orc warriors
  4 sky beasts
  2 laughing skulls (D:9)
  4 ogres
  7 wolves
  3 kobold brigands
  6 bullfrogs
  A scorpion (D:5)
  2 killer bees (D:9)
  4 howler monkeys (D:9)
  2 jellies
  A bombardier beetle (D:3)
  2 orc priests
  3 iguanas
  8 orc wizards
  Natasha (thrice) (D:2)
  Robin (D:4)
  3 gnolls (D:4)
  7 adders
  A white imp (D:5)
  An ufetubus (D:5)
  4 dart slugs
  2 ribbon worms
  22 orcs
  8 endoplasms
  5 giant cockroaches
  12 goblins
  12 hobgoblins
  7 jackals
  2 quokkas
  3 training dummies (D:6)
  4 ball pythons
  6 bats
  5 frilled lizards
  19 kobolds
  11 rats
227 creatures vanquished.

Vanquished Creatures (collateral kills)
  Grum (D:10)
  A centaur (D:10)
  A phantom (D:6)
  A killer bee (D:9)
  An ufetubus (D:5)
  An endoplasm (D:4)
6 creatures vanquished.

Vanquished Creatures (others)
  A wolf (D:10)
  An orc priest (D:5)
  A gnoll bouda (D:4)
  An orc wizard (D:8)
4 creatures vanquished.

Grand Total: 237 creatures vanquished

Notes
Turn   | Place    | Note
-------+----------+-------------------------------------------
     0 | D:1      | H0rd4k the Octopode Artificer began the quest for the Orb.
     0 | D:1      | Reached XP level 1. HP: 13/13 MP: 1/1
    92 | D:1      | Reached skill level 1 in Unarmed Combat
    92 | D:1      | Reached XP level 2. HP: 5/18 MP: 2/2
   346 | D:1      | Reached XP level 3. HP: 24/24 MP: 3/3
   349 | D:1      | Reached skill level 2 in Unarmed Combat
   393 | D:1      | Found Qell's Book Shoppe.
   986 | D:2      | Noticed Natasha
   993 | D:2      | Killed Natasha
   994 | D:2      | Reached skill level 3 in Unarmed Combat
   994 | D:2      | Reached XP level 4. HP: 29/29 MP: 4/4
  1303 | D:2      | Found a snail-covered altar of Cheibriados.
  1346 | D:2      | Noticed Natasha
  1356 | D:2      | Killed Natasha
  1573 | D:2      | Noticed Natasha
  1578 | D:2      | Killed Natasha
  1579 | D:2      | Reached XP level 5. HP: 35/35 MP: 5/5
  1598 | D:2      | Reached skill level 4 in Unarmed Combat
  1804 | D:3      | Found an opulent altar of Gozag.
  1805 | D:3      | Found a sparkling altar of Nemelex Xobeh.
  1810 | D:3      | Became a worshipper of Gozag Ym Sagoz the Greedy
  2158 | D:3      | Found a snail-covered altar of Cheibriados.
  2291 | D:3      | Found a hide-covered altar of Uskayaw.
  2642 | D:4      | Noticed Robin
  2726 | D:4      | Killed Robin
  2727 | D:4      | Reached XP level 6. HP: 26/41 MP: 6/6
  2760 | D:4      | Reached skill level 5 in Unarmed Combat
  2878 | D:4      | Found a broken altar of Ashenzari.
  2883 | D:4      | Noticed Sigmund
  2886 | D:4      | Killed Sigmund
  2887 | D:4      | Reached skill level 6 in Unarmed Combat
  2913 | D:4      | Reached XP level 7. HP: 26/46 MP: 7/7
  3108 | D:4      | Noticed Grinder
  3114 | D:4      | Killed Grinder
  3115 | D:4      | Reached skill level 7 in Unarmed Combat
  3121 | D:4      | Noticed Menkaure
  3127 | D:4      | Killed Menkaure
  3529 | D:5      | Entered Level 5 of the Dungeon
  3529 | D:5      | Found Linwu's Antique Weapon Shop.
  3529 | D:5      | Found Kalujud's Assorted Antiques.
  3542 | D:5      | Reached skill level 8 in Unarmed Combat
  3542 | D:5      | Reached XP level 8. HP: 49/52 MP: 8/8
  3679 | D:5      | Bought a shimmering spear for 280 gold pieces
  3679 | D:5      | Identified the +2 spear of the Demagogue {elec, rElec} (You
                  | bought it in a shop on level 5 of the Dungeon)
  3775 | D:5      | Bought a dented platinum amulet for 90 gold pieces
  3886 | D:5      | Found a staircase to the Ecumenical Temple.
  3897 | D:5      | Identified a scroll of acquirement
  3899 | D:5      | Acquired the ring "Tuit" {rPois rC+ Will+ Int+7 Dex-4
                  | Stlth-}
  3978 | D:5      | Found a sacrificial altar of Ru.
  4081 | D:5      | Noticed a vampire
  4156 | D:5      | Found a shadowy altar of Dithmenos.
  4211 | D:5      | Found Isyn's Distillery.
  4226 | D:5      | Bought a potion of curing for 42 gold pieces
  4226 | D:5      | Bought a potion of heal wounds for 70 gold pieces
  4311 | D:5      | Found Poallunipo's Assorted Antiques.
  4547 | D:6      | Reached skill level 9 in Unarmed Combat
  4843 | D:6      | Found Niat's Firing Range.
  5235 | D:6      | Reached skill level 10 in Unarmed Combat
  5275 | D:6      | Reached XP level 9. HP: 59/59 MP: 9/9
  5683 | D:5      | Bought a transparent great sword for 287 gold pieces
  5683 | D:5      | Identified the +6 great sword of Laceration {flame, Int+2}
                  | (You bought it in a shop on level 5 of the Dungeon)
  5887 | D:7      | HP: 2/59 [something (2)]
  6308 | D:7      | Reached skill level 5 in Fighting
  6458 | D:7      | Reached skill level 11 in Unarmed Combat
  7453 | D:8      | Found a glowing golden altar of the Shining One.
  7997 | D:8      | Reached skill level 1 in Throwing
  7997 | D:8      | Reached skill level 12 in Unarmed Combat
  8462 | D:9      | HP: 1/54 [laughing skull/bolt of negative energy (22)]
  8538 | D:9      | Reached XP level 10. HP: 31/66 MP: 10/10
  9075 | D:9      | Found an iron altar of Okawaru.
  9615 | D:10     | Entered Level 10 of the Dungeon
  9634 | D:10     | Noticed Fannar
  9657 | D:10     | Killed Fannar
  9658 | D:10     | Reached skill level 13 in Unarmed Combat
  9777 | D:10     | Noticed Grum
  9789 | D:10     | Killed Grum
  9825 | D:10     | Found a staircase to the Lair.
 10346 | D:10     | Noticed a moth of wrath
 10349 | D:10     | Found a bloodstained altar of Trog.
 10505 | D:10     | Noticed a two-headed ogre
 10710 | D:10     | Found a transporter.
 10867 | D:10     | Killed a two-headed ogre
 10868 | D:10     | Reached skill level 14 in Unarmed Combat
 10935 | Lair:1   | Entered Level 1 of the Lair of Beasts
 10942 | Lair:1   | Reached XP level 11. HP: 74/74 MP: 11/11
 10983 | Lair:1   | Found an ornate altar of the Wu Jian Council.
 10983 | Lair:1   | Found a hide-covered altar of Uskayaw.
 10983 | Lair:1   | Noticed a boulder beetle
 11154 | Lair:2   | Reached skill level 1 in Spellcasting
 11992 | Lair:1   | Gained mutation: Your spells are a little easier to cast,
                  | but a little less powerful. [potion of mutation]
 11992 | Lair:1   | Gained mutation: You expend magic power (3 MP) to
                  | strengthen your wands. [potion of mutation]
 12123 | Lair:2   | Noticed a seven-headed hydra
 12128 | Lair:2   | Reached skill level 1 in Short Blades
 12195 | D:10     | Bought the Handbook of the Vanishing Allies for 546 gold
                  | pieces
 12200 | D:10     | Learned a level 4 spell: Summon Lightning Spire
 12206 | D:10     | Learned a level 3 spell: Swiftness
 13009 | Lair:2   | Reached skill level 1 in Summonings
 13076 | Lair:2   | Reached skill level 1 in Alchemy
 13099 | Lair:1   | Mangled by a yak

Illustrated notes

Levels and vault maps discovered:
D:1:      evilmike_arrival_hilbert_curve, layout_basic, serial_shops,
          shop_statue, columned_hall_lemuel
D:2:      layout_loops_ring, basic_altar, uniq_natasha
D:3:      layout_basic, grunt_temple_overflow_opulence,
          nicolae_uskayaw_suspiria, slow_altar_1
D:4:      layout_basic, ashenzari_conservatory_becter, uniq_robin, uniq_grinder,
          uniq_sigmund, uniq_menkaure
D:5:      layout_gridville, nicolae_ru_sacrificial_ziggurat,
          lemuel_coloured_pillars_altar, grunt_dithmenos_smoke,
          minmay_temple_entry_grid, serial_shops, kennysheep_little_box,
          nicolae_shop_tiny_glass, nicolae_shop_rolling_square, shop,
          nicolae_underground_beach
D:6:      layout_basic, minmay_gold_behind_fungi, nicolae_shop_firing_range
D:7:      layout_basic
D:8:      layout_loops_ring, nicolae_tso_swordbearing_angel
D:9:      layout_layer_cave, okawaru_gym_becter
D:10:     layout_roguey, tgw_trog, dpeg_oklobed_lair, nicolae_diode_basic,
          uniq_fannar, uniq_grum
Lair:1:   layout_small_grid, nzn_masters_of_martial_movement
Lair:2:   lemuel_slime, layout_long_grid

Skill      XL: |  1  2  3  4  5  6  7  8  9 10 11 |
---------------+----------------------------------+-----
Unarmed Combat | 1 3 4 6 8 10 12 14 | 14.0
Fighting       | 2 3 4 5 6 8 |  8.0
Throwing       | 1 4 |  4.2
Spellcasting   | 4 |  4.3
Short Blades   | 1 |  1.4
Summonings     | 1 |  1.2
Alchemy        | 1 |  1.2
Dodging        | |  2.3
Stealth        | |  1.3
Air Magic      | |  0.6
Evocations     | |  3.2

Action                     |  1- 3 |  4- 6 |  7- 9 | 10-12 || total
---------------------------+-------+-------+-------+-------++-------
  Melee: Unarmed           |    81 |   107 |   277 |   265 ||   730
         Constrict         |    26 |    27 |    36 |    28 ||   117
         Tentacles         |    14 |    27 |    40 |    63 ||   144
         Punch             |       |     3 |    13 |    26 ||    42
  Throw: Dart              |       |       |    22 |    30 ||    52
 Invoke: Call Merchant     |       |       |       |     1 ||     1
  Evoke: Wand              |       |    14 |    14 |     9 ||    37
         Tin of tremorston |       |       |       |     1 ||     1
    Use: Scroll            |       |       |    12 |    11 ||    23
         Potion            |       |       |     7 |     4 ||    11
   Stab: Sleeping          |     4 |     8 |     4 |       ||    16
         Distracted        |       |       |     3 |       ||     3
 Armour: Skin              |    33 |    43 |   155 |   155 ||   386
  Dodge: Dodged            |    48 |    51 |   170 |   119 ||   388
